 Dungeon Crawl Stone Soup version 0.24.0-123-gd5b16e6ec5 (webtiles) character file.

Game seed: 1063823681599700771, levelgen mode: deterministic

43 AuftragZ the Charmwright (level 3, -1/30 HPs)
             Began as a Draconian Skald on Jan 31, 2020.
             Slain by a kobold
             ... wielding a +0 whip
              (4 damage)
             ... on level 2 of the Dungeon.
             The game lasted 00:03:29 (1086 turns).

AuftragZ the Charmwright (Draconian Skald)          Turns: 1086, Time: 00:03:29

Health: -1/30      AC:  5    Str: 14    XL:     3   Next: 37%
Magic:  4/6        EV: 12    Int: 13    God:
Gold:   19         SH:  0    Dex: 10    Spells: 1/6 levels left

rFire    . . .     SeeInvis .   d - -2 rapier (curse)
rCold    . . .     Gourm    .   (no shield)
rNeg     . . .     Faith    .   (armour unavailable)
rPois    .         Spirit   .   (helmet restricted)
rElec    .         Reflect  .   (no cloak)
rCorr    .         Harm     .   (no gloves)
MR       .....                  (no boots)
Stlth    +.........             (no amulet)
HPRegen  0.10/turn              (no ring)
MPRegen  0.10/turn              (no ring)

@: very slightly contaminated
A: unfitting armour, cold-blooded, AC +5
a: no special abilities


You were on level 2 of the Dungeon.
You were hungry.

You visited 1 branch of the dungeon, and saw 2 of its levels.

You collected 19 gold pieces.

Inventory:

Hand Weapons
 a - a +0 hand axe
 d - a cursed -2 rapier (weapon)
Scrolls
 b - a scroll of teleportation
Comestibles
 c - 2 rations


   Skills:
 + Level 2.4 Fighting
 + Level 2.3 Axes
 + Level 2.7 Dodging
 + Level 2.2 Spellcasting
 + Level 3.1 Charms


You had one spell level left.
You knew the following spells:

 Your Spells              Type           Power        Failure   Level  Hunger
a - Infusion              Chrm           #...         7%          1    ##.....
b - Song of Slaying       Chrm           #.......     11%         2    ###....
c - Shroud of Golubria    Chrm/Tloc      #.....       21%         2    ###....

Your spell library contained the following spells:

 Spells                   Type           Power        Failure   Level  Hunger
 Regeneration             Chrm/Necr      #.........   36%         3    ####...
 Spectral Weapon          Hex/Chrm       #.......     36%         3    ####...


Dungeon Overview and Level Annotations

Branches:
Dungeon (2/15)

Altars:


Innate Abilities, Weirdness & Mutations

Your plain brown scales are hard. (AC +5)
You cannot fit into any form of body armour.
You are cold-blooded and may be slowed by cold attacks.


Message History

* * * LOW HITPOINT WARNING * * *
The kobold hits you with a +0 whip.
* * * LOW HITPOINT WARNING * * *
The jackal bites you but does no damage.
The jackal barks!
You hit the jackal but do no damage.
Your tail-slap misses the jackal.
The jackal is heavily wounded.
The jackal completely misses you. The kobold barely misses you.
The jackal barely misses you. The kobold hits you but does no damage.
You hit the jackal.
You kill the jackal!
The kobold closely misses you. The kobold misses you.
Things that are here:
a jackal corpse; a hobgoblin corpse; a giant cockroach corpse
Casting: Shroud of Golubria (safe; 21% risk of failure)
Confirm with . or Enter, or press ? or * to list all spells.
Space distorts slightly along a thin shroud covering your body.
The jackal barely misses you. The kobold hits you with a +0 whip.
You die...

#.##.##..#
#.##.....#
..#####..# ##
.#######.# ..
.........######.#
....####........#..
...................
.>.##...hK.#.###
###>.@....#
###..#..# #.%...#
#.#....# #.#.##...
..... .##. ...... #
........


You could see a jackal and a kobold.

Vanquished Creatures
  A worm (D:2)
  A dart slug (D:1)
  A leopard gecko (D:1)
  A ball python (D:1)
  8 bats
  3 giant cockroaches
  3 goblins
  3 hobgoblins
  2 jackals (D:2)
  4 frilled lizards (D:1)
  3 kobolds
  5 rats
35 creatures vanquished.

Notes
Turn   | Place    | Note
-------+----------+-------------------------------------------
     0 | D:1      | AuftragZ the Draconian Skald began the quest for the Orb.
     0 | D:1      | Reached XP level 1. HP: 17/17 MP: 3/3
   328 | D:1      | Reached XP level 2. HP: 21/25 MP: 5/5
   389 | D:1      | Reached skill level 3 in Charms
   462 | D:1      | Learned a level 2 spell: Song of Slaying
   465 | D:1      | Learned a level 2 spell: Shroud of Golubria
   777 | D:1      | Reached XP level 3. HP: 30/30 MP: 6/6
  1086 | D:2      | Slain by a kobold

Levels and vault maps discovered:
D:1:      dpeg_arrival_round_c, layout_loops_ring,
          minmay_misc_feat_secret_circle, hex_medium, st_stairs_7,
          roderic_roman_lattice, corexii_hall_statues_l
D:2:      layout_rooms, lemuel_doored_altar, minmay_bisected

Skill      XL: |  1  2 |
---------------+-------+-----
Charms         | 3 |  3.1
Fighting       | |  2.4
Axes           | |  2.3
Dodging        | |  2.7
Spellcasting   | |  2.2

Action                   || total
-------------------------++-------
Melee: Hand axe          ||    62
       Tailslap          ||     6
       Rapier            ||    31
 Cast: Shroud of Golubri ||     1
  Use: Scroll            ||     3
Armor: Skin              ||    62
Dodge: Dodged            ||   107
